 Dungeon Crawl Stone Soup version 0.28.0-1-gb440e238dd (webtiles) character file.

Game seed: 9745907125011005990

104832 SweetAndFullOfGrace the Executioner (level 15, -6/123 HPs)
             Began as a Minotaur Berserker on Feb 19, 2022.
             Was the Champion of Trog.
             Mangled by a manticore (12 damage)
             ... summoned by Kirke
             ... on level 14 of the Dungeon.
             The game lasted 01:39:55 (20608 turns).

SweetAndFullOfGrace the Executioner (MiBe)         Turns: 20608, Time: 01:39:56

Health: -6/123     AC:  0    Str: 27    XL:     15   Next: 93%
Magic:  14/14      EV: 20    Int:  4    God:    Trog [******]
Gold:   1997       SH:  0    Dex: 12    Spells: 14/14 levels left

rFire   . . .      SeeInvis .   (weapon currently unavailable)
rCold   . . .      Faith    .   (shield currently unavailable)
rNeg    . . .      Spirit   .   (armour currently unavailable)
rPois   .          Reflect  .   (helmet currently unavailable)
rElec   .          Harm     .   (cloak currently unavailable)
rCorr   .          Rampage  .   (gloves currently unavailable)
Will    +....                   (boots currently unavailable)
Stlth   ++........              g - amulet of regeneration
HPRegen 1.10/turn               (ring currently unavailable)
MPRegen 0.14/turn               (ring currently unavailable)

@: pig-form, slowed
A: fast, no casting, small, (horns 2), (retaliatory headbutt), (cold resistance
1), (deformed body), frail 1
a: Renounce Religion, Berserk, Trog's Hand, Brothers in Arms


You were on level 14 of the Dungeon.
You worshipped Trog.
Trog was exalted by your worship.
You were a filthy swine.
You visited 4 branches of the dungeon, and saw 23 of its levels.
You also visited: Gauntlet and Ice Cave.

You collected 2639 gold pieces.
You spent 642 gold pieces at shops.

Inventory:

Hand Weapons
 j - a +4 antimagic broad axe
 n - a +0 whip of distortion
 K - a +3 executioner's axe of freezing (melded)
 T - a +1 executioner's axe of flaming
Missiles
 e - 834 stones (quivered)
 p - 8 poisoned darts
 r - 11 boomerangs
 x - a throwing net
 y - 12 javelins
 S - a curare-tipped dart
 Z - 5 atropa-tipped darts
Armour
 d - the +1 pair of gloves of the Harvest (melded) {rF+ Slay+4}
   (You found it on level 6 of the Lair of Beasts)

   Slay:      It affects your accuracy & damage with ranged weapons and melee
   (+4).
   rF:        It protects you from fire.
 t - a +2 cloak of preservation (melded)
 H - a +2 pair of boots (melded)
 W - a +2 plate armour of cold resistance (melded)
Jewellery
 c - a +4 ring of evasion (melded)
 g - an amulet of regeneration (around neck)
 l - a ring of willpower
 q - a +4 ring of evasion
 u - a ring of see invisible
 F - an amulet of faith
 G - a +4 ring of protection (melded)
 U - a ring of flight
Wands
 a - a wand of paralysis (12)
 J - a wand of acid (20)
 N - a wand of polymorph (15)
 R - a wand of digging (26)
 X - a wand of flame (14)
 Y - a wand of iceblast (14)
Scrolls
 h - 11 scrolls of teleportation
 s - 6 scrolls of vulnerability
 A - 7 scrolls of fear
 B - 3 scrolls of blinking
 D - 5 scrolls of noise
 M - 3 scrolls of magic mapping
 O - 4 scrolls of immolation
 P - 4 scrolls of fog
 Q - 2 scrolls of identify {@r1}
Potions
 b - 2 potions of resistance
 f - a potion of ambrosia
 i - 13 potions of curing
 k - 2 potions of attraction
 m - a potion of berserk rage
 w - a potion of cancellation
 z - a potion of magic
 C - a potion of invisibility
 E - 2 potions of heal wounds
Miscellaneous
 v - a piece from Xom's chessboard (15/15)
 I - a phial of floods
 L - a phantom mirror


   Skills:
 + Level 13.7 Fighting
 * Level 22.9 Axes
 + Level 8.6 Throwing
 + Level 13.4 Armour
 + Level 12.4 Dodging
 - Level 3.0 Stealth
 - Level 3.0 Evocations


You had 14 spell levels left.
You didn't know any spells.
Your spell library was empty.

Dungeon Overview and Level Annotations

Branches:
Dungeon (14/15)            Temple (1/1) D:7            Lair (6/6) D:9
  Swamp (0/4) Lair:2       Spider (0/4) Lair:4        Slime (0/5) Lair:6
    Orc (2/2) D:10            Elf (0/3) Orc:2        Vaults (0/5) D:14
  IceCv (visited)         Gauntlet (visited)

Altars:
Ashenzari
Cheibriados
Dithmenos
Elyvilon
Fedhas
Gozag
Hepliaklqana
Kikubaaqudgha
Makhleb
Nemelex Xobeh
Okawaru
Qazlal
Ru
Sif Muna
Trog
Uskayaw
Vehumet
Wu Jian
Xom
Yredelemnul
Zin
The Shining One
Beogh
Jiyva
Lugonu

Shops:
D:4 [   Orc:2 [(*::

Portals:
Trove: D:11 (give +6 demon whip)

Annotations:
D:10 exclusion: statue
D:11 exclusion: door
D:14 Kirke


Innate Abilities, Weirdness & Mutations

You are a filthy swine.
You move quickly.
Your equipment is almost entirely melded.
You are incapable of wielding weapons or throwing items.
You cannot cast spells.
((You have a pair of horns on your head.))
((You reflexively headbutt those who attack you in melee.))
((Your flesh is cold resistant. (rC+)))
((Armour fits poorly on your strangely shaped body.))
You are frail. (-10% HP)


Message History

Kirke completely misses you.
You barely miss Kirke.
Kirke is almost dead.
You feel your willpower return. Kirke completely misses you.
You barely miss Kirke.
Kirke is almost dead.
Kirke gestures wildly while chanting.
Kirke flickers and vanishes!
Deactivating autopickup; reactivate with Ctrl-A.
You hit something. Something hits you!
You hit something. Something hits you.
You hit something.
You hear some strange, mumbled words.
Something summons a manticore!
You miss something. Something hits you!! The manticore bites you.
The manticore misses you. The manticore claws you!
You miss something. Something hits you! The manticore bites you!
The manticore claws you.
* * * LOW HITPOINT WARNING * * *
The manticore completely misses you.
You hit something but do no damage. Something hits you!
* * * LOW HITPOINT WARNING * * *
The manticore bites you.
* * * LOW HITPOINT WARNING * * *
The manticore barely misses you. The manticore claws you!
* * * LOW HITPOINT WARNING * * *
You feel much better.
You hear some strange, mumbled words.
Something tries to affect you, but you resist.
The manticore misses you. The manticore claws you!
* * * LOW HITPOINT WARNING * * *
The manticore claws you!
* * * LOW HITPOINT WARNING * * *
Something hits you.
* * * LOW HITPOINT WARNING * * *
You feel much better. The manticore bites you!!
* * * LOW HITPOINT WARNING * * *
The manticore claws you!
You die...

.....## #...........#
#[# .......
............## #.#
.....## .......≈## #.#
.....# ####≈≈≈..≈≈#
#.#.# .....#
#.....≈..≈≈###.#..
######
#.#...≈..≈.....###
#.####.####≈..#........
#......H...#..#.##.####
#..###h###.#..#.##.####
#{# #.#..#.##....# ##
#h# #.#..#.#####.# #≈##
≈≈≈≈.#..# #h# #.#..#.#
#.# ≈≈≈##≈≈≈≈^#..# #.#
#.#..#.# #.#
≈≈≈≈##≈≈≈.#..# #.#
#.#..#.#####.#
≈≈≈≈≈##≈≈.≈..# #.. ..#
.........
≈≈≈≈##≈≈≈.≈..#####
####.# ≈≈≈##≈≈≈≈.≈.....
#..


You could see a manticore (summoned) and 2 hogs.

Vanquished Creatures
  Rupert (D:14)
  2 orc warlords
  A minotaur (shapeshifter) (Gauntlet)
  A minotaur (Gauntlet)
  Azrael (D:13)
  An ettin (Orc:1)
  A yaktaur captain (D:14)
  A great orb of eyes (D:13)
  2 boulder beetles
  2 ironbound frosthearts (IceCv)
  5 catoblepae
  7 hydras
  9 centaur warriors
  19 death yaks
  3 tengu warriors (D:13)
  6 two-headed ogres
  3 orc high priests
  A death drake (shapeshifter) (Gauntlet)
  A deep troll (shapeshifter) (Gauntlet)
  An orb spider (Lair:4)
  6 orc knights
  An obsidian statue (Gauntlet)
  A deep elf pyromancer (D:13)
  Pikel (D:4)
  7 orc sorcerers
  A will-o-the-wisp (Lair:2)
  5 cyclopes
  2 ugly things
  4 manticores
  8 elephants
  A rust devil (D:14)
  A torpor snail (Lair:6)
  6 black mambas
  An ice statue (IceCv)
  12 cane toads
  An unseen horror (D:11)
  3 gargoyles
  Psyche (D:9)
  5 komodo dragons
  2 kobold demonologists
  2 yaktaurs (D:14)
  2 rime drakes
  7 trolls
  15 polar bears
  7 blink frogs
  A hornet (Lair:4)
  12 slime creatures
  A meliai zombie (D:11)
  A vampire (D:10)
  3 shadows
  A wyvern (D:10)
  A water elemental (D:14)
  2 wraiths
  85 yaks
  A redback (shapeshifter) (D:13)
  3 basilisks
  A hog (D:14)
  A steam dragon (D:8)
  3 fire elementals (D:13)
  2 wargs
  5 vampire mosquitoes (D:14)
  2 acid dragons (D:10)
  Duvessa (D:7)
  13 water moccasins
  3 hell hounds (D:13)
  30 orc warriors
  An ice beast (D:7)
  6 ogres
  2 necrophages
  26 wolves
  A centaur (shapeshifter) (Gauntlet)
  17 centaurs
  2 lemures (D:4)
  11 bullfrogs
  Blork the orc (D:6)
  A kobold brigand (D:8)
  3 scorpions
  2 gnoll sergeants
  2 two-headed ogre simulacra (D:12)
  Dowan (D:7)
  8 killer bees
  An elephant simulacrum (D:12)
  A water moccasin skeleton (D:4)
  3 vampire bats (Lair:4)
  15 wights
  An electric eel (D:14)
  6 small abominations (Gauntlet)
  3 howler monkeys
  2 bullfrog zombies (D:7)
  4 centaur zombies
  A jelly (D:5)
  A bullfrog skeleton (D:7)
  A gnoll shaman (D:5)
  15 orc priests
  3 hounds
  A centaur skeleton (D:7)
  Terence (D:2)
  4 iguanas
  17 orc wizards
  A spriggan simulacrum (D:12)
  3 troll simulacra (D:12)
  A polar bear simulacrum (D:12)
  A killer bee zombie (D:8)
  A howler monkey zombie (D:11)
  16 gnolls
  3 howler monkey skeletons
  6 adders
  An adder skeleton (D:4)
  3 worms (D:2)
  A dart slug (D:4)
  32 orcs
  5 ball pythons
  4 endoplasms
  2 giant cockroaches
  6 goblins
  7 hobgoblins
  4 jackals (D:3)
  4 quokkas
  11 bats
  5 frilled lizards
  12 kobolds
  A rat (D:2)
636 creatures vanquished.

Vanquished Creatures (others)
  A death yak (IceCv)
  A bush (Lair:5)
  4 foxfires (Lair:2)
  22 fungi
  22 plants
50 creatures vanquished.

Grand Total: 686 creatures vanquished

Notes
Turn   | Place    | Note
-------+----------+-------------------------------------------
     0 | D:1      | SweetAndFullOfGrace the Minotaur Berserker began the quest
                  | for the Orb.
     0 | D:1      | Reached XP level 1. HP: 19/19 MP: 0/0
   215 | D:1      | Reached skill level 4 in Axes
   333 | D:1      | Reached XP level 2. HP: 26/26 MP: 1/1
   750 | D:2      | Noticed Terence
   768 | D:2      | Killed Terence
   769 | D:2      | Reached skill level 5 in Axes
   769 | D:2      | Reached XP level 3. HP: 17/31 MP: 2/2
  1198 | D:3      | Reached ** piety under Trog
  1232 | D:3      | Reached skill level 6 in Axes
  1232 | D:3      | Reached XP level 4. HP: 26/39 MP: 3/3
  1358 | D:3      | Found a hide-covered altar of Uskayaw.
  1453 | D:3      | Found an opulent altar of Gozag.
  1524 | D:3      | Found a hazy altar of Hepliaklqana.
  1579 | D:3      | Found an ancient bone altar of Kikubaaqudgha.
  2019 | D:4      | Found Fuxutall's Armour Boutique.
  2126 | D:4      | Noticed a scorpion
  2137 | D:4      | Killed a scorpion
  2138 | D:4      | Reached skill level 7 in Axes
  2138 | D:4      | Reached XP level 5. HP: 31/45 MP: 4/4
  2541 | D:4      | Reached skill level 8 in Axes
  2747 | D:4      | Reached XP level 6. HP: 43/51 MP: 5/5
  2939 | D:4      | Reached *** piety under Trog
  2980 | D:4      | Noticed Pikel
  2992 | D:4      | Killed Pikel
  2993 | D:4      | Reached skill level 10 in Axes
  2993 | D:4      | Reached XP level 7. HP: 57/57 MP: 6/6
  3064 | D:4      | Bought a +0 pair of gloves for 49 gold pieces
  3072 | D:5      | Entered Level 5 of the Dungeon
  3089 | D:5      | Reached skill level 11 in Axes
  3101 | D:5      | Found a shadowy altar of Dithmenos.
  3272 | D:5      | Reached XP level 8. HP: 27/64 MP: 7/7
  3661 | D:5      | Reached skill level 12 in Axes
  3715 | D:5      | Found a burning altar of Makhleb.
  3772 | D:5      | Found an iron altar of Okawaru.
  4421 | D:6      | Noticed Blork the orc
  4432 | D:6      | Killed Blork the orc
  4476 | D:6      | Found an ornate altar of the Wu Jian Council.
  4583 | D:6      | Reached skill level 13 in Axes
  4605 | D:6      | Found a sacrificial altar of Ru.
  4898 | D:6      | Reached skill level 4 in Fighting
  4907 | D:6      | Reached skill level 3 in Armour
  4977 | D:7      | Found a staircase to the Ecumenical Temple.
  4978 | D:7      | Noticed Duvessa
  4978 | D:7      | Noticed Dowan
  4986 | Temple   | Entered the Ecumenical Temple
  5126 | D:7      | Killed Duvessa
  5131 | D:7      | Killed Dowan
  5132 | D:7      | Reached skill level 3 in Dodging
  5143 | D:7      | Reached XP level 9. HP: 72/72 MP: 8/8
  5143 | D:7      | Found a broken altar of Ashenzari.
  5214 | D:7      | Noticed a green ugly thing
  5239 | D:7      | Reached **** piety under Trog
  5240 | D:7      | Reached skill level 4 in Armour
  5243 | D:7      | Reached skill level 14 in Axes
  5254 | D:7      | Reached skill level 5 in Fighting
  5269 | D:7      | Reached skill level 4 in Dodging
  5281 | D:7      | Killed a green ugly thing
  5282 | D:7      | Reached skill level 5 in Armour
  5380 | D:7      | Reached skill level 6 in Fighting
  5608 | D:8      | Found a stormy altar of Qazlal.
  5651 | D:8      | Reached skill level 5 in Dodging
  5711 | D:8      | Found a glowing silver altar of Zin.
  5735 | D:8      | Found a shimmering altar of Xom.
  5757 | D:8      | Reached skill level 6 in Armour
  5848 | D:8      | Reached skill level 7 in Fighting
  5854 | D:8      | Reached XP level 10. HP: 78/86 MP: 9/9
  5856 | D:8      | Reached skill level 6 in Dodging
  6044 | D:8      | Reached skill level 7 in Armour
  6267 | D:9      | Noticed a two-headed ogre
  6283 | D:9      | Killed a two-headed ogre
  6284 | D:9      | Reached skill level 8 in Fighting
  6296 | D:9      | Reached skill level 7 in Dodging
  6350 | D:9      | Noticed Psyche
  6354 | D:9      | Killed Psyche
  6355 | D:9      | Reached skill level 8 in Armour
  6622 | D:9      | Found a basalt altar of Yredelemnul.
  6643 | D:9      | Reached ***** piety under Trog
  6647 | D:9      | Reached skill level 9 in Fighting
  6734 | D:9      | Reached skill level 8 in Dodging
  6903 | D:9      | Found a staircase to the Lair.
  6967 | D:10     | Entered Level 10 of the Dungeon
  6994 | D:10     | Noticed a two-headed ogre
  7000 | D:10     | Killed a two-headed ogre
  7001 | D:10     | Reached XP level 11. HP: 83/97 MP: 10/10
  7007 | D:10     | Reached skill level 1 in Throwing
  7047 | D:10     | Reached skill level 9 in Armour
  7085 | D:10     | Found a staircase to the Orcish Mines.
  7413 | D:10     | Found a blossoming altar of Fedhas.
  7528 | D:10     | Found a radiant altar of Vehumet.
  7557 | D:10     | Reached skill level 2 in Throwing
  7977 | D:10     | Noticed a two-headed ogre
  7982 | D:10     | Killed a two-headed ogre
  7983 | D:10     | Reached skill level 10 in Fighting
  8192 | Orc:1    | Entered Level 1 of the Orcish Mines
  8222 | Orc:1    | Noticed an orc warlord
  8261 | D:10     | Killed an orc warlord
  8262 | D:10     | Reached skill level 15 in Axes
  8262 | D:10     | Reached skill level 3 in Throwing
  8315 | Orc:1    | Reached skill level 9 in Dodging
  8367 | Orc:1    | Noticed an orc knight
  8398 | Orc:1    | Killed an orc knight
  8498 | Orc:1    | Noticed an orc sorcerer
  8506 | Orc:1    | Killed an orc sorcerer
  8507 | Orc:1    | Reached skill level 10 in Armour
  8567 | Orc:1    | HP: 10/101 [orc priest/divine providence (10)]
  8573 | Orc:1    | Received a gift from Trog
  8711 | Orc:1    | Noticed an orc high priest
  8719 | Orc:1    | Killed an orc high priest
  8720 | Orc:1    | Reached XP level 12. HP: 107/107 MP: 11/11
  8733 | Orc:1    | Gained mutation: You have a pair of large horns on your
                  | head. [potion of mutation]
  8733 | Orc:1    | Gained mutation: You are occasionally teleported next to
                  | monsters. [potion of mutation]
  8733 | Orc:1    | Gained mutation: You are clumsy. (Dex -2) [potion of
                  | mutation]
  8763 | Orc:1    | HP: 5/107 [orc knight (17)]
  8792 | Orc:1    | Reached skill level 16 in Axes
  9109 | Orc:1    | Noticed an ettin
  9117 | Orc:1    | Killed an ettin
  9520 | Orc:2    | Entered Level 2 of the Orcish Mines
  9553 | Orc:2    | Noticed an orc high priest
  9563 | Orc:2    | Killed an orc high priest
  9570 | Orc:2    | Reached skill level 17 in Axes
  9578 | Orc:2    | Found Rife's Antique Armour Shop.
  9723 | Orc:2    | Paralysed by an orc sorcerer for 6 turns
  9724 | Orc:2    | Noticed an orc high priest
  9734 | Orc:2    | Found Baocyo's Antique Weapon Shop.
  9738 | Orc:2    | Killed an orc high priest
  9770 | Orc:2    | Noticed an orc warlord
  9771 | Orc:2    | Paralysed by an orc sorcerer for 3 turns
  9812 | Orc:2    | Reached skill level 18 in Axes
  9824 | Orc:2    | Killed an orc warlord
  9919 | Orc:2    | Paralysed by an orc sorcerer for 6 turns
  9937 | Orc:2    | HP: 10/105 [orc sorcerer/bolt of fire (30)]
  9991 | Orc:2    | Reached skill level 19 in Axes
 10059 | Orc:2    | Found a staircase to the Elven Halls.
 10060 | Orc:2    | Found Qymopanahu's General Store.
 10084 | Orc:2    | Found Zoasutu's Book Shop.
 10127 | Orc:2    | Found Reupleh's Book Emporium.
 10663 | Orc:2    | Bought a +2 cloak of preservation for 301 gold pieces
 10870 | Lair:1   | Entered Level 1 of the Lair of Beasts
 11156 | Lair:1   | Noticed a six-headed hydra
 11171 | Lair:1   | Killed a three-headed hydra
 11172 | Lair:1   | Reached XP level 13. HP: 76/114 MP: 12/12
 11762 | Lair:2   | Received a gift from Trog
 11767 | Lair:2   | Reached skill level 4 in Throwing
 12012 | Lair:2   | Reached ****** piety under Trog
 12191 | Lair:2   | Found a staircase to the Swamp.
 12753 | Lair:3   | Reached skill level 20 in Axes
 13162 | Lair:4   | Reached skill level 11 in Fighting
 13178 | Lair:4   | Reached skill level 5 in Throwing
 13324 | Lair:4   | Reached skill level 10 in Dodging
 13570 | Lair:4   | Found a hole to the Spider Nest.
 13855 | Lair:4   | Reached skill level 11 in Armour
 14126 | Lair:5   | Received a gift from Trog
 14357 | Lair:5   | Found a white marble altar of Elyvilon.
 14450 | Lair:5   | Reached XP level 14. HP: 106/125 MP: 13/13
 14644 | Lair:6   | Entered Level 6 of the Lair of Beasts
 14651 | Lair:6   | Identified the +1 pair of gloves of the Harvest {rF+
                  | Slay+4}
 14747 | Lair:6   | Reached skill level 6 in Throwing
 14762 | Lair:6   | Reached skill level 21 in Axes
 14765 | Lair:6   | Found a staircase to the Slime Pits.
 14766 | Lair:6   | Found a viscous altar of Jiyva.
 14992 | Lair:6   | Reached skill level 12 in Fighting
 15133 | Lair:6   | Lost mutation: You are clumsy. (Dex -2) [potion of
                  | mutation]
 15133 | Lair:6   | Lost mutation: You have a pair of large horns on your head.
                  | [potion of mutation]
 15133 | Lair:6   | Lost mutation: You are occasionally teleported next to
                  | monsters. [potion of mutation]
 15133 | Lair:6   | Gained mutation: You are frail. (-10% HP) [potion of
                  | mutation]
 15133 | Lair:6   | Gained mutation: Armour fits poorly on your strangely
                  | shaped body. [potion of mutation]
 15133 | Lair:6   | Gained mutation: Your flesh is cold resistant. (rC+)
                  | [potion of mutation]
 15195 | Lair:6   | Received a gift from Trog
 15691 | Lair:6   | Reached skill level 11 in Dodging
 15707 | Lair:6   | Reached skill level 1 in Stealth
 15707 | Lair:6   | Reached skill level 1 in Evocations
 15712 | Lair:6   | Reached skill level 12 in Armour
 16067 | Orc:2    | Bought a pair of glowing boots for 292 gold pieces
 16283 | D:11     | Found a gate leading to a gauntlet.
 16318 | Gauntlet | Entered a Gauntlet
 16318 | Gauntlet | Found a transporter.
 16318 | Gauntlet | Found a runed translucent gate.
 16318 | Gauntlet | Found a transporter.
 16320 | Gauntlet | Found a runed translucent gate.
 16321 | Gauntlet | Found a runed translucent gate.
 16326 | Gauntlet | Found a transporter.
 16344 | Gauntlet | Found a transporter.
 16359 | Gauntlet | Found a transporter.
 16360 | Gauntlet | Found a transporter.
 16363 | Gauntlet | Found a transporter.
 16363 | Gauntlet | Found a transporter.
 16414 | Gauntlet | Found a transporter.
 16416 | Gauntlet | Found a transporter.
 16464 | Gauntlet | Found a transporter.
 16478 | Gauntlet | Found a transporter.
 16494 | Gauntlet | Found a transporter.
 16502 | Gauntlet | Found a runed translucent door.
 16504 | Gauntlet | Found a transporter.
 16506 | Gauntlet | Found a runed translucent door.
 16779 | Gauntlet | Reached skill level 7 in Throwing
 16793 | Gauntlet | Reached skill level 2 in Stealth
 16793 | Gauntlet | Reached skill level 2 in Evocations
 16815 | Gauntlet | Identified the +9 hunting sling of the Evil Eye {venom,
                  | Str+2}
 16906 | Gauntlet | Identified the +1 leather armour of Bedazzling Miracles
                  | {Dex+3}
 16906 | Gauntlet | Identified the +3 chain mail of Amelioration {Rampage Fly
                  | Dex+2}
 17032 | D:11     | Found a portal to a secret trove of treasure.
 17151 | D:11     | Received a gift from Trog
 17458 | D:12     | Found a frozen archway.
 17484 | IceCv    | Entered an ice cave
 17699 | IceCv    | Reached XP level 15. HP: 116/120 MP: 14/14
 17854 | IceCv    | Reached skill level 22 in Axes
 17854 | IceCv    | Reached skill level 3 in Stealth
 17973 | IceCv    | Reached skill level 3 in Evocations
 17989 | IceCv    | HP: 11/120 [death yak (19)]
 18099 | IceCv    | Reached skill level 13 in Fighting
 18996 | D:13     | Received a gift from Trog
 19119 | D:13     | Noticed Azrael
 19130 | D:13     | Killed Azrael
 19247 | D:13     | Reached skill level 8 in Throwing
 19247 | D:13     | Reached skill level 13 in Armour
 19247 | D:13     | Reached skill level 12 in Dodging
 20156 | D:14     | Found a burning altar of Makhleb.
 20428 | D:14     | Found a gate to the Vaults.
 20442 | D:14     | Received a gift from Trog
 20534 | D:14     | Noticed Rupert
 20544 | D:14     | Killed Rupert
 20585 | D:14     | Noticed Kirke
 20606 | D:14     | HP: 4/123 [manticore[Kirke] (14)]
 20608 | D:14     | Mangled by a manticore

Illustrated notes

Levels and vault maps discovered:
D:1:      minmay_arrival_arboretum_small, layout_basic
D:2:      layout_basic, uniq_terence
D:3:      layout_loops_ring, nicolae_uskayaw_suspiria,
          mainiacjoe_overflow_paths, mainiacjoe_overflow_catwalk,
          mainiacjoe_overflow_cross_hatched
D:4:      layout_rooms, serial_shops, nicolae_stop_n_shop_2, uniq_pikel
D:5:      wander_river, layout_cave_pods, nicolae_overflow_hidden_temple,
          okawaru_trees_1, nicolae_dithmenos_the_darkroom, serial_column_ruins,
          column_ruins_hut, column_ruins_hut, column_ruins_grid_1,
          column_ruins_open_tiny, column_ruins_columns_T, column_ruins_grid_1,
          column_ruins_columns_T
D:6:      layout_basic, lemuel_coloured_pillars_altar, kennysheep_mini,
          hangedman_decor_push, uniq_blork_the_orc
D:7:      minmay_clustersquares, layout_cave_pools, cheibrodos_ashenzari_chains,
          minmay_temple_entry_sparse_star, uniq_duvessa
D:8:      layout_cave_pools, mainiacjoe_overflow_tiny_flanked,
          nicolae_qazlal_general_emergency, zin_academy
D:9:      layout_roguey, kennysheep_little_box, david_lair_shrubbed, uniq_psyche
D:10:     minmay_thinvault, layout_basic, vehumet_statue, amcnicky_altar_gilded,
          orc_0_dummy, serial_glass, glass_columns_c, glass_columns_a
D:11:     layout_rooms, gauntlet_entry_generic, nicolae_trove_entry_crossroad,
          kennysheep_diamond
D:12:     layout_big_octagon, portal_ice_cave_entry_ice_simulacra
D:13:     minmay_imperfect_grid, layout_long_grid, uniq_azrael
D:14:     layout_basic, david_vaults_2, minmay_misc_feat_hallway, demons_altar,
          uniq_kirke, uniq_rupert
Temple:   corrupted_temple
Lair:1:   layout_regular_city, infiniplex_staircase_pool
Lair:2:   layout_misc_corridors, minmay_swamp_entry_wisps
Lair:3:   layout_roguey, lemuel_fruit_tree
Lair:4:   layout_cave_pods, nicolae_spider_entry_orb_guardian, st_stairs_4,
          chequers_serial_rivers_micro_d, roderic_batcave, serial_bayou_shore_a,
          infiniplex_staircase_pool_2
Lair:5:   layout_cave_shapes, basic_altar
Lair:6:   evilmike_catoblepas_cave, layout_cave_pods, slime_altar_1,
          chequers_serial_rivers_room_a, chequers_serial_rivers_large_a
Orc:1:    orc_temple, layout_caves, basic_altar, nicolae_orc_damp_corner
Orc:2:    grunt_orc_gardens, layout_diamond_mine, grunt_orc_garden,
          grunt_orc_garden, grunt_orc_garden, grunt_orc_garden, serial_shops,
          shop, nicolae_orc_jurassic_orc

Skill      XL: |  1  2  3  4  5  6  7  8  9 10 11 12 13 14 15 |
---------------+----------------------------------------------+-----
Axes           | 4 5 6 7 8 10 11 13 14 15 19 20 21 22 | 22.9
Fighting       | 4 7 9 10 11 12 13 | 13.7
Armour         | 3 6 8 10 11 12 13 | 13.4
Dodging        | 3 5 8 9 10 11 12 | 12.4
Throwing       | 3 5 7 8 |  8.6
Stealth        | 2 3 |  3.0
Evocations     | 2 3 |  3.0

Action                   |  1- 3 |  4- 6 |  7- 9 | 10-12 | 13-15 || total
-------------------------+-------+-------+-------+-------+-------++-------
Melee: Hand axe          |   104 |   131 |   156 |       |       ||   391
       Headbutt          |    18 |    22 |    50 |   103 |   197 ||   390
       Punch             |       |       |     5 |     4 |       ||     9
       War axe           |       |       |   118 |   346 |     3 ||   467
       Battleaxe         |       |       |       |   188 |     8 ||   196
       Executioner's axe |       |       |       |       |   773 ||   773
       Unarmed           |       |       |       |       |    19 ||    19
Throw: Stone             |       |       |       |       |     2 ||     2
Invok: Berserk           |       |     1 |     2 |     4 |     1 ||     8
       Trog's Hand       |       |       |       |     1 |       ||     1
Evoke: Wand              |       |       |       |       |     2 ||     2
  Use: Scroll            |       |       |     7 |     4 |    18 ||    29
       Potion            |       |       |       |     1 |    18 ||    19
 Stab: Petrified         |       |       |       |       |     1 ||     1
Armor: Chain mail        |    49 |    57 |    75 |   160 |       ||   341
       Plate armour      |       |       |       |    11 |   419 ||   430
Dodge: Dodged            |    36 |    56 |   117 |   340 |   536 ||  1085

Table legend: (Time is in decaauts)
 A = Elapsed time spent in this place.
 B = Non-inter-level travel time spent in this place.
 C = Inter-level travel time spent in this place.
 D = Time resting spent in this place.
 E = Time spent auto-exploring this place.
 F = Levels seen in this place.
 G = Mean time per level.
                   A        B        C        D        E       F      G
               +--------+--------+--------+--------+--------+-----+--------+
         Total |  20392 |  19412 |    980 |    651 |  12733 |  25 |  815.7 |
       Dungeon |  11028 |  10584 |    444 |    285 |   7509 |  14 |  787.7 |
        Temple |     48 |     48 |      0 |      0 |     28 |   1 |   48.0 |
          Lair |   5023 |   4816 |    207 |     57 |   3716 |   6 |  837.2 |
  Orcish Mines |   2642 |   2314 |    328 |    166 |   1369 |   2 | 1321.0 |
      Ice Cave |   1040 |   1040 |      0 |     83 |    111 |   1 | 1040.0 |
      Gauntlet |    610 |    610 |      0 |     59 |      0 |   1 |  610.0 |
               +--------+--------+--------+--------+--------+-----+--------+

Top non-repeatable levels by time:
   Orc:1: 1427 daAuts
    D:10: 1413 daAuts
     D:5: 1298 daAuts
  Lair:4: 1225 daAuts
   Orc:2: 1214 daAuts
  Lair:6: 1195 daAuts
     D:4: 1048 daAuts
   IceCv: 1040 daAuts
    D:13: 1036 daAuts
     D:9: 843 daAuts
     D:3: 824 daAuts
  Lair:1: 766 daAuts
     D:1: 699 daAuts
  Lair:2: 692 daAuts
     D:8: 631 daAuts

Table legend:
 A = Non-vault XP
 B = Vault XP
 C = Vault XP percentage of total XP
 D = Non-vault monster count
 E = Vault monster count
 F = Vault count percentage of total count
                 A         B        C        D         E       F
            +---------+---------+-------+---------+---------+-------
      Total |   72245 |   77516 |  51.8 |     398 |     237 |  37.3
            +---------+---------+-------+---------+---------+-------
        D:1 |      13 |       0 |   0.0 |       8 |       0 |   0.0
        D:2 |      43 |      36 |  45.6 |      19 |       1 |   5.0
        D:3 |      57 |       0 |   0.0 |      18 |       0 |   0.0
        D:4 |     329 |     617 |  65.2 |      21 |       1 |   4.5
        D:5 |     735 |       0 |   0.0 |      18 |       0 |   0.0
        D:6 |     568 |      96 |  14.5 |      16 |       1 |   5.9
        D:7 |     602 |    1287 |  68.1 |      14 |      10 |  41.7
        D:8 |    2163 |       0 |   0.0 |      34 |       0 |   0.0
        D:9 |    3130 |     758 |  19.5 |      22 |       2 |   8.3
       D:10 |    2277 |    4890 |  68.2 |      21 |      17 |  44.7
       D:11 |    2821 |     205 |   6.8 |       9 |       1 |  10.0
       D:12 |    4965 |     372 |   7.0 |      19 |       8 |  29.6
       D:13 |    6954 |   17750 |  71.9 |      14 |      36 |  72.0
       D:14 |    5477 |    4195 |  43.4 |      15 |       6 |  28.6
     Lair:1 |    3014 |       0 |   0.0 |      13 |       0 |   0.0
     Lair:2 |    2888 |     569 |  16.5 |      16 |       1 |   5.9
     Lair:3 |    1593 |       0 |   0.0 |       5 |       0 |   0.0
     Lair:4 |    9734 |    1429 |  12.8 |      23 |      11 |  32.4
     Lair:5 |    9534 |       0 |   0.0 |      22 |       0 |   0.0
     Lair:6 |   11652 |   10355 |  47.1 |      41 |      23 |  35.9
      Orc:1 |    2716 |    4653 |  63.1 |      23 |      26 |  53.1
      Orc:2 |     980 |   10079 |  91.1 |       7 |      27 |  79.4
      IceCv |       0 |   15199 | 100.0 |       0 |      54 | 100.0
   Gauntlet |       0 |    5026 | 100.0 |       0 |      12 | 100.0
            +---------+---------+-------+---------+---------+-------
